 Dungeon Crawl Stone Soup version 0.17.1-3-g152610e (webtiles) character file.

421 seren the Sneak (level 6, 0/41 HPs)
             Began as a Vampire Enchanter on Feb 25, 2016.
             Succumbed to a water moccasin's poison
             ... on level 4 of the Dungeon.
             The game lasted 00:24:13 (3719 turns).

seren the Sneak (Vampire Enchanter)                 Turns: 3719, Time: 00:24:13

Health: 0/41       AC:  3    Str:  7      XL:     6   Next: 62%
Magic:  2/9        EV: 12    Int: 18 (20) God:
Gold:   151        SH:  0    Dex: 14      Spells: 2 memorised, 7 levels left

rFire  . . .     SeeInvis +     j - +1 dagger (venom)
rCold  + . .     Clarity  .     b - +1 robe
rNeg   + + .     SustAt   .     (no shield)
rPois  +         Gourm    .     (no helmet)
rElec  .         Spirit   .     (no cloak)
rCorr  .         Warding  .     (no gloves)
rMut   .         Stasis   .     (no boots)
MR     .....                    (no amulet)
Stlth  ++++......               (no ring)
                                (no ring)

@: lethally poisoned (0 -> -17), regenerating slowly, not resistant to hostile
enchantments, stealthy
A: fangs 3, see invisible, unbreathing
a: Bat Form


You were on level 4 of the Dungeon.
You were very thirsty.

You visited 1 branch of the dungeon, and saw 5 of its levels.

You collected 151 gold pieces.

Inventory:

Hand Weapons
 a - a +1 dagger
 j - a +1 dagger of venom (weapon)
Missiles
 g - 112 stones (quivered)
Armour
 b - a +1 robe (worn)
 t - a +2 shield
Jewellery
 o - an uncursed amulet of guardian spirit {unknown}
Scrolls
 e - a scroll of enchant weapon {unknown}
 f - 2 scrolls of enchant armour {unknown}
 h - 2 scrolls of remove curse {unknown}
 l - a scroll of fear {unknown}
 m - a scroll of fog {unknown}
 n - a scroll of amnesia {unknown}
 p - a scroll of teleportation {unknown}
 q - 2 scrolls of magic mapping {unknown}
 u - a scroll of noise {unknown}
Potions
 d - 11 potions of blood
 i - a potion of degeneration
 k - a potion of agility {unknown}
 s - a potion of cure mutation {unknown}
Books
 c - a book of Maledictions

   Spells                             Type                      Level
   a - Corona                         Hexes                        1
   b - Ensorcelled Hibernation        Hexes/Ice                    2
   c - Confuse                        Hexes                        3
   d - Tukima's Dance                 Hexes                        3
   e - Dazzling Spray                 Conjuration/Hexes            3
 r - a book of Burglary

   Spells                             Type                      Level
   a - Swiftness                      Charms/Air                   2
   b - Passwall                       Transmutation/Earth          3
   c - Passage of Golubria            Translocation                4
   d - Lee's Rapid Deconstruction     Earth                        5
   e - Darkness                       Hexes                        6
   f - Invisibility                   Hexes                        6


   Skills:
 + Level 4.1 Short Blades
 - Level 2.1 Dodging
 + Level 7.6 Stealth
 - Level 2.5 Spellcasting
 + Level 7.0 Hexes


You had 7 spell levels left.
You knew the following spells:

 Your Spells              Type           Power        Failure   Level  Hunger
a - Corona                Hex            ####...      1%          1    #......
b - Ensorcelled Hibernat  Hex/Ice        ##....       8%          2    ##.....


Dungeon Overview and Level Annotations

Branches:
Dungeon (5/15)
 Temple: D:4-7

Altars:
Cheibriados
Trog
Xom
Yredelemnul

Annotations:
D:3 exclusion: downstairs
D:4 Menkaure


Innate Abilities, Weirdness & Mutations

You heal slowly.
You have razor-sharp teeth.
You have supernaturally acute eyesight.
You can survive without breathing.


Message History

* * * LOW HITPOINT WARNING * * *
You are lethally poisoned!
The water moccasin poisons you! The water moccasin closely misses you.
You hit the water moccasin.
The water moccasin is severely wounded.
The water moccasin misses you.
You barely miss the water moccasin.
The water moccasin is severely wounded.
The water moccasin bites you.
* * * LOW HITPOINT WARNING * * *
You hit the water moccasin.
The water moccasin is poisoned.
The water moccasin is almost dead.
* * * LOW HITPOINT WARNING * * *
You feel sick.
The water moccasin bites you but does no damage.
Drink which item? (? for menu, Esc to quit)
It was a potion of degeneration.
There was something very wrong with that liquid.
You feel dopey.
You die...

#.##.....# #...#
#.#..##.## #.... #.#.#
#.# #.... #...# #.##
####. #..## #..# ###..
#..## ##.# #....
#.<.####.# #....
######.#...##.### #.#..
#.....@.....#...###.##.
#.....S................
#..........##..........
###########......######
######........>.####.
##......#####.##......
#..##...###...........
#..................#..
#(.#.######.........##


You could see a water moccasin.

Vanquished Creatures
  Grinder (D:3)
  A hound (D:4)
  2 iguanas
  A worker ant zombie (D:5)
  8 adders
  An adder skeleton (D:4)
  2 worms
  2 orcs (D:3)
  7 giant cockroaches
  2 gnoll zombies (D:2)
  9 goblins
  3 hobgoblins
  6 kobolds
  3 quokkas
  2 ball pythons (D:2)
  5 bats
  A giant gecko (D:1)
  4 giant newts
  10 rats
70 creatures vanquished.

Notes
Turn   | Place    | Note
--------------------------------------------------------------
     0 | D:1      | seren the Vampire Enchanter began the quest for the Orb.
     0 | D:1      | Reached XP level 1. HP: 13/13 MP: 3/3
   245 | D:1      | Reached XP level 2. HP: 19/19 MP: 3/5
   398 | D:1      | Learned a level 2 spell: Ensorcelled Hibernation
   853 | D:2      | Reached skill level 5 in Stealth
   853 | D:2      | Reached XP level 3. HP: 22/24 MP: 6/6
   999 | D:2      | Reached skill level 5 in Hexes
  1163 | D:2      | Found a bloodstained altar of Trog.
  1418 | D:2      | Found a basalt altar of Yredelemnul.
  1742 | D:2      | Reached XP level 4. HP: 30/30 MP: 4/7
  1830 | D:2      | You fall through a shaft for 2 floors!
  1830 | D:4      | Noticed Menkaure
  2197 | D:2      | Found a snail-covered altar of Cheibriados.
  2305 | D:3      | Noticed Grinder
  2317 | D:3      | Paralysed by Grinder for 3 turns
  2318 | D:3      | Killed Grinder
  2318 | D:3      | Reached skill level 6 in Stealth
  2318 | D:3      | Reached XP level 5. HP: 18/35 MP: 8/8
  2318 | D:3      | Reached XP level 6. HP: 21/41 MP: 9/9
  2604 | D:3      | Found a shimmering altar of Xom.
  2908 | D:3      | Reached skill level 7 in Stealth
  3347 | D:5      | Entered Level 5 of the Dungeon
  3688 | D:5      | Noticed a water moccasin
  3717 | D:4      | HP: 1/41 [water moccasin (5)]
  3719 | D:4      | Succumbed to a water moccasin's poison

Action                   |  1- 3 |  4- 6 || total
-------------------------+-------+-------++-------
Melee: Dagger            |    91 |    74 ||   165
Throw: Stone             |       |     3 ||     3
 Cast: Corona            |     5 |     2 ||     7
       Ensorcelled Hiber |     9 |    22 ||    31
  Use: Potion            |       |     2 ||     2
 Stab: Sleeping          |    15 |    26 ||    41
